 Dungeon Crawl Stone Soup version 0.29-a0-559-g359e09b9d1 (webtiles) character file.

Game seed: 12843798241179448456

100781 spaghetti the Warrior (level 16, -5/198 HPs)
             Began as an Ogre Berserker on June 10, 2022.
             Was an Elder of Trog.
             Slain by a spriggan rider
             ... wielding a +0 spear
              (6 damage)
             ... on level 2 of the Swamp.
             The game lasted 00:51:05 (38056 turns).

spaghetti the Warrior (Ogre Berserker)             Turns: 38056, Time: 00:51:05

Health: -5/198     AC:  9    Str: 37    XL:     16   Next: 28%
Magic:  0/16       EV: 12    Int:  8    God:    Trog [****..]
Gold:   2054       SH:  0    Dex:  8    Spells: 15/15 levels left

rFire   + . .      SeeInvis .     - Unarmed
rCold   . . .      Faith    .   (no shield)
rNeg    . . .      Spirit   +   X - quicksilver dragon scales {rare}
rPois   .          Reflect  .   (helmet restricted)
rElec   .          Harm     .   (no cloak)
rCorr   .          Rampage  .   (gloves unavailable)
Will    ++++.                   (boots unavailable)
Stlth   ..........              M - amulet of guardian spirit
HPRegen 1.43/turn               T - +4 ring of slaying
MPRegen 0.15/turn               U - +6 ring of strength

@: strong-willed (expiring), corroded, on berserk cooldown, regenerating
(expiring), slowed, very slow
A: large, unfitting armour, tough skin 1, fire resistance 1, robust 1
a: Renounce Religion, Berserk, Trog's Hand, Brothers in Arms


You were on level 2 of the Swamp.
You worshipped Trog.
Trog was greatly pleased with you.
You visited 4 branches of the dungeon, and saw 24 of its levels.
You also visited: Sewer.

You collected 2054 gold pieces.


Innate Abilities, Weirdness & Mutations

You are too large for most types of armour.
You have tough skin. (AC +1)
Your flesh is heat resistant. (rF+)
You are robust. (+10% HP)


   Skills:
 + Level 16.4 Fighting
 - Level 12.0 Throwing
 + Level 8.5 Armour
 + Level 11.6 Dodging
 * Level 16.0 Unarmed Combat


You had 15 spell levels left.
You didn't know any spells.
Your spell library contained the following spells:

 Spells                   Type           Power      Damage    Failure   Level
 Beastly Appendage        Tmut           0%         N/A       50%         1
 Foxfire                  Conj/Fire      0%         2x1d4     50%         1
 Necrotize                Necr           0%         1d4       50%         1
 Shock                    Conj/Air       0%         1d3       50%         1
 Static Discharge         Conj/Air       0%         N/A       63%         2
 Sublimation of Blood     Necr           0%         N/A       63%         2
 Conjure Flame            Conj/Fire      0%         6-21      86%         3
 Dazzling Flash           Conj/Hex       0%         N/A       86%         3
 Ignite Poison            Fire/Tmut/Pois 0%         N/A       86%         3
 Inner Flame              Hex/Fire       0%         N/A       86%         3
 Mephitic Cloud           Conj/Pois/Air  0%         N/A       86%         3
 Tukima's Dance           Hex            0%         N/A       86%         3
 Vampiric Draining        Necr           0%         2d6       86%         3
 Flame Wave               Conj/Fire      0%         2d4       99%         4
 Iskenderun's Mystic Bla  Conj/Tloc      0%         2d3       99%         4
 Passage of Golubria      Tloc           0%         N/A       99%         4
 Petrify                  Tmut/Erth      0%         N/A       99%         4
 Agony                    Necr           0%         N/A       100%        5
 Fireball                 Conj/Fire      0%         3d3       100%        5
 Freezing Cloud           Conj/Ice/Air   0%         6-21      100%        5
 Irradiate                Conj/Tmut      0%         3d13      100%        5
 Iskenderun's Battlesphe  Conj           0%         2d6       100%        5
 Yara's Violent Unravell  Hex/Tmut       0%         3d3       100%        5
 Eringya's Noxious Bog    Tmut/Pois      0%         N/A       100%        6
 Iron Shot                Conj/Erth      0%         9d1       100%        6
 Starburst                Conj/Fire      0%         6d3       100%        6
 Spellforged Servitor     Conj/Summ      0%         N/A       100%        7
 Ignition                 Fire           0%         3d3       100%        8
 Chain Lightning          Conj/Air       0%         N/A       100%        9

Inventory:

Hand Weapons
 a - the +9 war axe "Weuttick" {venom, *Noise rPois Will+ Str+7, axe}
   (You found it on level 14 of the Dungeon)

   It poisons the flesh of those it strikes.
   Str:       It affects your strength (+7).
   rPois:     It protects you from poison.
   *Noise:    It may make noises in combat.
   Will:      It increases your willpower.
Missiles
 b - 678 stones (quivered) {throwing}
 h - 8 silver boomerangs {throwing}
 u - 4 throwing nets {=f!fthrowing}
 v - a boomerang of dispersal {=f!fthrowing}
 w - 8 large rocks {=fthrowing}
 A - 2 datura-tipped darts {throwing}
 F - 9 atropa-tipped darts {throwing}
 I - 23 boomerangs {throwing}
 J - 56 poisoned darts {throwing}
 L - 7 javelins {throwing}
Armour
 X - quicksilver dragon scales (worn) {rare}
   (You found it on level 4 of the Lair of Beasts)
Jewellery
 k - a ring of resist corrosion
   (You found it on level 1 of the Dungeon)
 o - a +6 ring of dexterity
   (You found it on level 2 of the Dungeon)
 s - a ring of wizardry
   (You found it on level 4 of the Dungeon)
 t - a ring of protection from cold
   (You found it on level 6 of the Lair of Beasts)
 x - the ring of Hepame {rElec rPois Int+2 Dex+6}
   (You found it on level 8 of the Dungeon)

   [ring of dexterity]

   Int:       It affects your intelligence (+2).
   Dex:       It affects your dexterity (+6).
   rElec:     It insulates you from electricity.
   rPois:     It protects you from poison.
 M - an amulet of guardian spirit (around neck)
   (You found it on level 7 of the Dungeon)
 P - a +6 ring of dexterity
   (You found it on level 9 of the Dungeon)
 T - a +4 ring of slaying (left hand)
   (You found it on level 2 of the Lair of Beasts)
 U - a +6 ring of strength (right hand)
   (You found it on level 13 of the Dungeon)
 Z - a ring of protection from fire
   (You found it on level 5 of the Lair of Beasts)
Wands
 f - a wand of flame (12)
   (You found it on level 6 of the Lair of Beasts)
 p - a wand of iceblast (27)
   (You took it off Amaemon on level 8 of the Dungeon)
 N - a wand of polymorph (4)
   (You found it on level 12 of the Dungeon)
 S - a wand of acid (13)
   (You found it on level 4 of the Lair of Beasts)
 W - a wand of digging (7)
   (You found it on level 4 of the Lair of Beasts)
Scrolls
 e - a scroll of noise {!r}
 i - 7 scrolls of enchant armour
 l - a scroll of fog
 m - 2 scrolls of torment {!r}
 n - 3 scrolls of poison {!r}
 r - 5 scrolls of vulnerability {!r!r}
 y - 4 scrolls of teleportation {@r4}
 K - 9 scrolls of immolation {!r!r}
 Q - 10 scrolls of identify {@r1}
 Y - a scroll of magic mapping {!r}
Potions
 g - 4 potions of lignification {!q}
 j - 3 potions of brilliance
 q - 6 potions of might
 B - 3 potions of haste {@q3}
 C - 5 potions of curing {@q1}
 D - 2 potions of cancellation
 G - 6 potions of berserk rage {!q}
 H - 3 potions of attraction {!q}
 R - 5 potions of mutation {!q}
 V - a potion of ambrosia
Miscellaneous
 d - a condenser vane
   (You found it on level 5 of the Lair of Beasts)
 E - a tin of tremorstones (2/2) {throwing}
   (You found it on level 1 of the Lair of Beasts)

Dungeon Overview and Level Annotations

Branches:
Dungeon (14/15)            Temple (0/1) D:5            Lair (6/6) D:9
  Swamp (2/4) Lair:4       Spider (0/4) Lair:3        Slime (0/5) Lair:6
    Orc (2/2) D:9             Elf (0/3) Orc:2        Vaults (0/5) D:13
  Sewer (visited)

Altars:
Cheibriados
Elyvilon
Hepliaklqana
Ru
Sif Muna
Uskayaw
Xom
The Shining One
Beogh
Jiyva

Shops:
D:7 [   D:8 *   D:12 ?   Orc:1 *   Orc:2 =(*[

Annotations:
D:8 2 transporters, AzureTheElectroshark's ghost, novice OgTm
Swamp:1 Donald

... ♣ .......
...≈. #.#.....
.≈.≈♣. #.#.... .
......##....# .
♣.≈...#.....#.# .
.≈≈..≈F.....#.#..
..≈.≈§v.........
≈...w.§@.......♣
♣≈....≈w<.≈♣...♣
♣≈.≈.i≈§≈≈≈..≈§♣
♣.≈≈..≈≈≈≈≈.≈≈.♣
≈§.......≈.♣≈♣♣≈≈
≈≈...≈....≈♣ ≈♣
.....≈≈≈..♣≈ ..
............§ ♣♣
#####.......♣


You could see a spriggan rider, a goliath frog, a will-o-the-wisp and 2 swamp
worms.


Message History

You pummel the goliath frog!!
You beat the goliath frog into a bloody pulp!!!
You kill the goliath frog!
Trog accepts your kill. 😱 HP[+1]
There is a stone staircase leading up here. 😱 HP[+2]
You regained 2 hp, and now have 69/297 hp.
A spriggan rider and a swamp worm come into view.
You feel a strong urge to attack something.
The spriggan rider shouts!
The will-o-the-wisp gestures.
The will-o-the-wisp conjures some foxfire! 2 foxfires come into view. 😱 HP[+1] MP[+1]
You closely miss the will-o-the-wisp. The foxfire hits you! You resist.
* * * LOW HITPOINT WARNING * * *
The foxfire hits you. You resist.
* * * LOW HITPOINT WARNING * * *
😱 HP[-12] MP[-2]
You take 12 damage, and now have 58/297 hp.
You lost 2 mp, and now have 7/16 mp.
You punch the will-o-the-wisp!
You are no longer berserk.
You are exhausted.
You feel yourself slow down.
A goliath frog comes into view.
The will-o-the-wisp gestures.
The will-o-the-wisp conjures some foxfire! 2 foxfires come into view. 😱 HP[-19]
You now have 198 max hp (-99).
Unknown command.
Unknown command.
Unknown command.
Okay, then.
Okay, then.
You feel much better. The foxfire hits you. You resist.
* * * LOW HITPOINT WARNING * * *
The foxfire hits you! You resist.
* * * LOW HITPOINT WARNING * * *
A swamp worm comes into view.
The will-o-the-wisp barely misses you. 😨 HP[+14] MP[-1]
You regained 14 hp, and now have 53/198 hp.
You lost 1 mp, and now have 6/16 mp.
Unknown command.
Unknown command.
Unknown command.
Unknown command.
You fail to use your ability.
The will-o-the-wisp misses you.
A goliath frog comes into view.
The spriggan rider hits you from afar with a +0 spear!!
* * * LOW HITPOINT WARNING * * *
The will-o-the-wisp gestures.
The will-o-the-wisp conjures some foxfire!
The spriggan rider hits you from afar with a +0 spear!
* * * LOW HITPOINT WARNING * * *
The goliath frog hits you from afar!
* * * LOW HITPOINT WARNING * * *
The acid corrodes you!
You are splashed with acid!
* * * LOW HITPOINT WARNING * * *
The goliath frog moves out of view. 2 foxfires come into view. 😱 HP[-44] MP[-5]
You take 44 damage, and now have 9/198 hp.
MASSIVE DAMAGE!! (PAUSE)
You lost 5 mp, and now have 1/16 mp.
Unknown command.
Unknown command.
Unknown command.
Unknown command.
Unknown command.
Okay, then.
You feel much better. The foxfire hits you! You resist.
* * * LOW HITPOINT WARNING * * *
The foxfire hits you! You resist.
* * * LOW HITPOINT WARNING * * *
The goliath frog completely misses you.
The will-o-the-wisp completely misses you.
The spriggan rider hits you from afar with a +0 spear!
* * * LOW HITPOINT WARNING * * *
The swamp worm fires a harpoon shot at you.
The harpoon shot hits you but does no damage. 😱 HP[-3] MP[-1]
You take 3 damage, and now have 6/198 hp.
You lost 1 mp, and now have 0/16 mp.
You feel much better.
You feel the effects of Trog's Hand fading.
The goliath frog barely misses you. The will-o-the-wisp engulfs you.
* * * LOW HITPOINT WARNING * * *
The spriggan rider hits you from afar with a +0 spear!
* * * LOW HITPOINT WARNING * * *
The swamp worm bites you!
* * * LOW HITPOINT WARNING * * *
The goliath frog closely misses you. The will-o-the-wisp engulfs you.
* * * LOW HITPOINT WARNING * * *
The spriggan rider hits you from afar with a +0 spear.
You die...

Skill      XL: |  1  2  3  4  5  6  7  8  9 10 11 12 13 14 15 16 |
---------------+-------------------------------------------------+-----
Unarmed Combat | 3 4 5 6 7 9 10 11 13 14 15 16 | 16.0
Fighting       | 5 6 7 8 10 11 12 13 15 16 | 16.4
Dodging        | 3 4 5 6 7 8 9 10 11 | 11.6
Armour         | 2 3 4 5 7 8 |  8.5
Throwing       | 8 9 10 11 12 | 12.0

Action                   |  1- 3 |  4- 6 |  7- 9 | 10-12 | 13-15 | 16-18 || total
-------------------------+-------+-------+-------+-------+-------+-------++-------
Melee: Unarmed           |   113 |   136 |   475 |   486 |  1081 |   111 ||  2402
       Punch             |     1 |     6 |    18 |    34 |   112 |    11 ||   182
Throw: Stone             |    45 |     2 |   120 |    58 |   403 |       ||   628
       Boomerang         |       |       |       |     1 |       |       ||     1
       Large rock        |       |       |       |       |     1 |       ||     1
Invok: Berserk           |     2 |     5 |     9 |    14 |    20 |     5 ||    55
       Trog's Hand       |       |       |     1 |     9 |    13 |     2 ||    25
       Brothers in Arms  |       |       |       |     1 |     8 |     1 ||    10
Evoke: Wand              |       |       |       |       |     1 |       ||     1
       Tin of tremorston |       |       |       |       |     2 |       ||     2
       Condenser vane    |       |       |       |       |     1 |       ||     1
  Use: Scroll            |     5 |     5 |     8 |     4 |    11 |     4 ||    37
       Potion            |       |       |       |    14 |     1 |     4 ||    19
 Stab: Sleeping          |     1 |     1 |     1 |     1 |       |       ||     4
       Distracted        |       |     1 |       |       |       |       ||     1
       Invisible         |       |       |       |     1 |       |       ||     1
Armor: Animal skin       |    33 |    44 |   123 |       |       |       ||   200
       Steam dragon scal |       |       |       |   131 |    50 |       ||   181
       Skin              |       |       |       |     1 |       |       ||     1
       Quicksilver drago |       |       |       |       |   260 |    73 ||   333
Dodge: Dodged            |    53 |    63 |   253 |   379 |   644 |    81 ||  1473

Levels and vault maps discovered:
D:1:      minmay_arrival_shattered_statue, layout_basic,
          hellmonk_ecumenical_altar_leap_of_faith, minmay_misc_feat_rows,
          minmay_misc_feat_doors
D:2:      layout_loops_ring, basic_altar
D:3:      layout_loops_ring, minivault_23, minmay_circle_x
D:4:      layout_loops_ring, mainiacjoe_overflow_alcove_4, led_xom_imps,
          amcnicky_mini_corridor_feature, st_stairs_3, minmay_misc_feat_chi,
          uniq_crazy_yiuf_cottage
D:5:      layout_loops_ring, minmay_temple_entry_stoned_glass,
          lightli_sewer_entry_pipes
D:6:      layout_loops_ring, st_stairs_1, kennysheep_generic_room_3,
          uniq_menkaure
D:7:      layout_basic, serial_shops, shop, uniq_maggie, uniq_pikel
D:8:      minmay_chambers_of_sevens, layout_rooms,
          nicolae_hepliaklqana_ecumenical_no_more, kennysheep_little_box,
          mainiacjoe_overflow_alcove_2, gammafunk_ghost_smash, serial_shops,
          shop_statue, kennysheep_generic_room_9, uniq_amaemon,
          uniq_prince_ribbit1, uniq_psyche
D:9:      layout_basic, due_lair_maze_entry_diamond, orc_0_dummy
D:10:     layout_small_grid, mainiacjoe_overflow_chevrons
D:11:     layout_basic, ebering_dispersal_statue_hall, kennysheep_small_square
D:12:     layout_loops_ring, serial_shops, shop_statue, serial_bayou_crossing
D:13:     layout_stronghold, hangedman_vaults_entry_quadrant_bands,
          minmay_statues_item, uniq_snorg, uniq_jorgrun
D:14:     layout_grid_maze, uniq_nessos
Lair:1:   layout_small_grid, beast_lair_carwin_11, uniq_joseph
Lair:2:   layout_cave_shapes, grunt_megastairs_3
Lair:3:   layout_cave_pods, nicolae_spider_entry_orb_guardian, minivault_23
Lair:4:   layout_regular_city, palyth_hydra_swamp_entry,
          small_statue_intersection, fungi_pond_lemuel,
          nicolae_lair_time_for_slime
Lair:5:   layout_cave_pods, kennysheep_snail_temple, uniq_urug
Lair:6:   evilmike_catoblepas_cave, layout_cave_pods, slime_altar_1,
          infiniplex_staircase_pool_2, uniq_kirke
Swamp:1:  layout_basic_swamp, evilmike_swamp_ruin_house_1, grunt_ruined_hall,
          uniq_donald
Swamp:2:  layout_basic_swamp, serial_swamp_ruin, evilmike_swamp_ruin_house_2,
          evilmike_swamp_ruin_rubble_1, evilmike_swamp_ruin_house_4,
          uniq_mlioglotl
Orc:1:    layout_diamond_mine, serial_shops, shop, basic_altar
Orc:2:    st_orc_congregation, layout_caves, uniq_saint_roka

Notes
Turn   | Place    | Note
-------+----------+-------------------------------------------
     0 | D:1      | spaghetti the Ogre Berserker began the quest for the Orb.
     0 | D:1      | Reached XP level 1. HP: 24/24 MP: 1/1
     0 | D:1      | magus.rc [v1.9.6]
   314 | D:1      | Reached XP level 2. HP: 28/33 MP: 2/2
   363 | D:1      | Reached skill level 3 in Unarmed Combat
  1117 | D:1      | Reached XP level 3. HP: 32/41 MP: 3/3
  1544 | D:1      | Found a faded altar of an unknown god.
  1658 | D:2      | Reached skill level 5 in Fighting
  1675 | D:2      | Reached ** piety under Trog
  2037 | D:2      | Reached XP level 4. HP: 37/50 MP: 4/4
  2359 | D:2      | Found a glowing golden altar of the Shining One.
  2709 | D:3      | Reached skill level 3 in Dodging
  2709 | D:3      | Reached XP level 5. HP: 56/59 MP: 5/5
  2725 | D:3      | You pick up a book of Alchemy {forbidden} and begin
                  | reading...
  2725 | D:3      | You add the spells Sublimation of Blood, Petrify and
                  | Irradiate to your library.
  3017 | D:3      | Reached skill level 6 in Fighting
  3017 | D:3      | Reached skill level 4 in Unarmed Combat
  3629 | D:4      | Noticed a black bear
  3636 | D:4      | Killed a black bear
  3637 | D:4      | Reached XP level 6. HP: 58/68 MP: 6/6
  4016 | D:4      | Reached skill level 5 in Unarmed Combat
  4021 | D:4      | Reached XP level 7. HP: 53/76 MP: 7/7
  4624 | D:4      | Reached *** piety under Trog
  4764 | D:4      | Found a shimmering altar of Xom.
  4783 | D:4      | Reached skill level 4 in Dodging
  4789 | D:4      | Reached skill level 7 in Fighting
  4941 | D:4      | Found a shimmering blue altar of Sif Muna.
  4977 | D:5      | Entered Level 5 of the Dungeon
  5606 | D:5      | Found a glowing drain.
  5614 | Sewer    | Entered a sewer
  5678 | Sewer    | Reached skill level 6 in Unarmed Combat
  6026 | Sewer    | Reached **** piety under Trog
  6027 | Sewer    | Reached XP level 8. HP: 87/87 MP: 8/8
  6689 | D:5      | Found a staircase to the Ecumenical Temple.
  6703 | D:5      | Reached skill level 8 in Fighting
  6722 | D:5      | Reached skill level 5 in Dodging
  6982 | D:6      | Noticed Menkaure
  6995 | D:6      | Killed Menkaure
  6996 | D:6      | Reached skill level 7 in Unarmed Combat
  7432 | D:6      | You add the spells Tukima's Dance, Passage of Golubria and
                  | Yara's Violent Unravelling to your library.
  7690 | D:6      | Reached XP level 9. HP: 88/97 MP: 9/9
  7914 | D:6      | Reached skill level 9 in Fighting
  7935 | D:6      | Reached skill level 8 in Unarmed Combat
  8277 | D:6      | Reached skill level 6 in Dodging
  8428 | D:7      | HP: 24/100 [orc/+0 whip (6)]
  8431 | D:7      | HP: 9/150 [orc/+0 hand axe (3)]
  8436 | D:7      | HP: 7/150 [orc/+0 whip (2)]
  9582 | D:7      | Found Ecoepn's Armour Emporium.
  9611 | D:7      | Noticed Pikel
  9625 | D:7      | Killed Pikel
  9626 | D:7      | Reached skill level 10 in Fighting
  9626 | D:7      | Reached skill level 9 in Unarmed Combat
  9697 | D:7      | Reached XP level 10. HP: 87/110 MP: 10/10
  9782 | D:7      | You pick up a book of Flames {forbidden} and begin
                  | reading...
  9782 | D:7      | You add the spells Foxfire, Conjure Flame, Inner Flame and
                  | Flame Wave to your library.
 10114 | D:7      | Noticed Maggie
 10131 | D:7      | Killed Maggie
 10756 | D:8      | Noticed Amaemon
 10762 | D:8      | Noticed an orange demon
 10777 | D:8      | HP: 38/166 [orange demon[Amaemon] (6)]
 10779 | D:8      | HP: 18/111 [poisoned by an orange demon]
 10787 | D:8      | Gained mutation: Your flesh is cold resistant. (rC+)
                  | [potion of mutation]
 10800 | D:8      | Killed Amaemon
 10801 | D:8      | Reached skill level 1 in Armour
 10801 | D:8      | Reached skill level 7 in Dodging
 10810 | D:8      | Killed an orange demon
 10811 | D:8      | Reached skill level 10 in Unarmed Combat
 10992 | D:8      | Found Weroelan's Assorted Antiques.
 11011 | D:8      | Noticed Psyche
 11019 | D:8      | Killed Psyche
 11020 | D:8      | Reached skill level 11 in Fighting
 11213 | D:8      | Noticed a boulder beetle
 11230 | D:8      | Killed a boulder beetle
 11231 | D:8      | Reached skill level 2 in Armour
 11573 | D:8      | Noticed Prince Ribbit
 11632 | D:8      | Reached XP level 11. HP: 104/120 MP: 6/11
 11642 | D:8      | Noticed a cyclops
 11646 | D:8      | Killed Prince Ribbit
 11647 | D:8      | Reached skill level 3 in Armour
 11658 | D:8      | HP: 18/123 [cyclops (17)]
 11660 | D:8      | Killed a cyclops
 11661 | D:8      | Reached skill level 11 in Unarmed Combat
 12071 | D:8      | Found a sacrificial altar of Ru.
 12509 | D:8      | Identified the ring of Hepame {rElec rPois Int+2 Dex+6}
 12514 | D:8      | Paralysed by a hornet for 1 turns
 12519 | D:8      | Reached skill level 8 in Dodging
 12704 | D:8      | Reached skill level 1 in Throwing
 12893 | D:8      | You pick up a book of Spectacle {forbidden} and begin
                  | reading...
 12893 | D:8      | You add the spells Dazzling Flash, Iskenderun's Mystic
                  | Blast and Starburst to your library.
 12923 | D:8      | Found a transporter.
 12924 | D:8      | Noticed AzureTheElectroshark's ghost (novice OgTm)
 12924 | D:8      | Identified the +3 dire flail "Lacertilianbane" {flame,
                  | *Corrode rElec rC+ Stlth+}
 12924 | D:8      | Noticed a two-headed ogre
 12930 | D:8      | Found a transporter.
 13062 | D:8      | Found a white marble altar of Elyvilon.
 13104 | D:8      | Found a faded altar of an unknown god.
 13104 | D:8      | Found a faded altar of an unknown god.
 13106 | D:8      | Found a hazy altar of Hepliaklqana.
 13342 | D:8      | Reached skill level 12 in Fighting
 13504 | D:9      | Found a staircase to the Lair.
 13583 | D:9      | Reached skill level 2 in Throwing
 13993 | D:9      | Identified a potion of experience
 13995 | D:9      | Reached skill level 8 in Throwing
 13995 | D:9      | Reached XP level 12. HP: 131/132 MP: 12/12
 14260 | D:9      | Found a staircase to the Orcish Mines.
 14365 | D:9      | Reached skill level 9 in Throwing
 14950 | Lair:1   | Entered Level 1 of the Lair of Beasts
 14969 | D:9      | HP: 30/132 [wolf (4)]
 15458 | D:9      | Reached skill level 4 in Armour
 15725 | Lair:1   | Lost mutation: Your flesh is cold resistant. (rC+) [potion
                  | of mutation]
 15725 | Lair:1   | Gained mutation: You passively map a small area around you.
                  | [potion of mutation]
 16095 | Lair:1   | Noticed Joseph
 16106 | Lair:1   | Killed Joseph
 16423 | Lair:1   | Reached XP level 13. HP: 69/141 MP: 9/13
 16799 | Lair:1   | Lost mutation: You passively map a small area around you.
                  | [potion of mutation]
 16799 | Lair:1   | Gained mutation: Your flesh is heat resistant. (rF+)
                  | [potion of mutation]
 16799 | Lair:1   | Gained mutation: You are robust. (+10% HP) [potion of
                  | mutation]
 17175 | Lair:2   | Reached skill level 12 in Unarmed Combat
 17489 | Lair:2   | You pick up a book of Spectacle {forbidden} and begin
                  | reading...
 18164 | Lair:3   | Found a hole to the Spider Nest.
 18505 | Lair:3   | Reached skill level 13 in Fighting
 18784 | Lair:3   | Reached skill level 5 in Armour
 18784 | Lair:3   | Reached skill level 9 in Dodging
 19168 | Lair:3   | You pick up a book of Power {forbidden} and begin
                  | reading...
 19168 | Lair:3   | You add the spells Iskenderun's Battlesphere, Iron Shot and
                  | Spellforged Servitor to your library.
 19782 | Lair:4   | Identified the +5 trident "Vysy" {venom, Fly rPois}
 19897 | Lair:4   | Reached skill level 10 in Throwing
 19912 | Lair:4   | Noticed an azure jelly
 19917 | Lair:4   | HP: 30/158 [azure jelly (28)]
 20392 | Lair:4   | Killed an azure jelly
 20409 | Lair:4   | HP: 37/158 [yak (8)]
 21152 | Lair:4   | Reached skill level 13 in Unarmed Combat
 21441 | Lair:4   | X - quicksilver dragon scales {rare}
 21452 | Lair:4   | You finish putting on your quicksilver dragon scales
                  | {rare}.
 22352 | Lair:4   | Found a staircase to the Swamp.
 22492 | Lair:4   | Reached XP level 14. HP: 150/169 MP: 8/14
 22754 | Lair:5   | Reached skill level 14 in Fighting
 22754 | Lair:5   | Reached skill level 6 in Armour
 23312 | Lair:5   | Noticed Urug
 23323 | Lair:5   | Killed Urug
 23631 | Lair:5   | Found a snail-covered altar of Cheibriados.
 24749 | Lair:6   | Entered Level 6 of the Lair of Beasts
 24750 | Lair:6   | Found a viscous altar of Jiyva.
 24807 | Lair:6   | Reached skill level 10 in Dodging
 25721 | Lair:6   | Noticed Kirke
 25732 | Lair:6   | Killed Kirke
 25733 | Lair:6   | Reached skill level 11 in Throwing
 25733 | Lair:6   | Reached skill level 14 in Unarmed Combat
 26034 | Lair:6   | Found a staircase to the Slime Pits.
 26756 | Lair:6   | HP: 63/258 [death yak (8)]
 27429 | Lair:6   | Reached skill level 7 in Armour
 27709 | Lair:6   | Reached skill level 15 in Fighting
 27709 | Lair:6   | Reached XP level 15. HP: 112/183 MP: 8/15
 28006 | Lair:6   | You add the spells Shock, Beastly Appendage, Static
                  | Discharge, Eringya's Noxious Bog and Chain Lightning to
                  | your library.
 28006 | Lair:6   | Got the Collected Works on Flight and Transmutation
                  | {forbidden}
 28247 | Orc:1    | Entered Level 1 of the Orcish Mines
 28485 | Orc:1    | Found Vuuqenle's General Store.
 28566 | Orc:1    | You fall into a shaft and drop 1 floor!
 28566 | Orc:2    | Entered Level 2 of the Orcish Mines
 28752 | Orc:2    | Found a staircase to the Elven Halls.
 31504 | Orc:2    | Noticed Saint Roka
 31510 | Orc:2    | Noticed an orc warlord
 31517 | Orc:2    | Killed Saint Roka
 31518 | Orc:2    | Reached skill level 15 in Unarmed Combat
 31531 | Orc:2    | Killed an orc warlord
 31534 | Orc:2    | HP: 62/274 [orc warrior/+0 dire flail[Saint Roka] (27)]
 31966 | Orc:2    | Found Gucurarph's General Store.
 31967 | Orc:2    | Found Ustueson's Jewellery Shoppe.
 31969 | Orc:2    | Found Qurreuse's Antique Armour Emporium.
 31969 | Orc:2    | Found Sikhaxixt's Antique Weapon Emporium.
 32116 | D:10     | Entered Level 10 of the Dungeon
 32331 | D:10     | Found a hide-covered altar of Uskayaw.
 32957 | D:10     | You pick up a book of Necromancy {forbidden} and begin
                  | reading...
 32957 | D:10     | You add the spells Necrotize, Vampiric Draining and Agony
                  | to your library.
 33249 | D:11     | Reached skill level 11 in Dodging
 33763 | D:12     | Found Adyhu's Magic Scroll Boutique.
 34004 | D:12     | You pick up a book of Fire {forbidden} and begin reading...
 34004 | D:12     | You add the spells Fireball and Ignition to your library.
 34171 | D:12     | Reached skill level 12 in Throwing
 34575 | D:12     | You add the spells Ignite Poison, Mephitic Cloud and
                  | Freezing Cloud to your library.
 34960 | D:13     | Reached skill level 8 in Armour
 35212 | D:13     | HP: 66/277 [orc warrior/+0 halberd (12)]
 35218 | D:13     | HP: 33/277 [orc priest/divine providence (13)]
 35224 | D:13     | Reached skill level 16 in Fighting
 35226 | D:13     | HP: 26/280 [yaktaur/bolt (11)]
 35232 | D:13     | HP: 23/187 [deep elf archer/arrow (2)]
 35242 | D:13     | HP: 20/187 [deep elf zephyrmancer/bolt of lightning (23)]
 35244 | D:13     | Found a gate to the Vaults.
 35674 | D:13     | Reached XP level 16. HP: 175/196 MP: 14/16
 35840 | D:13     | Noticed Jorgrun
 35849 | D:13     | Killed Jorgrun
 36017 | D:13     | Noticed Snorg
 36028 | D:13     | Killed Snorg
 36856 | D:14     | Reached ***** piety under Trog
 37202 | D:14     | Identified the +9 war axe "Weuttick" {venom, *Noise rPois
                  | Will+ Str+7}
 37432 | D:14     | HP: 59/297 [white ugly thing (33)]
 37969 | Swamp:1  | Entered Level 1 of the Swamp
 38027 | Swamp:1  | Reached skill level 16 in Unarmed Combat
 38028 | Swamp:1  | Noticed Donald
 38046 | Swamp:2  | HP: 74/297 [goliath frog (14)]
 38051 | Swamp:2  | HP: 59/297 [will-o-the-wisp/foxfire (12)]
 38054 | Swamp:2  | HP: 25/198 [spriggan rider/+0 spear (8)]
 38054 | Swamp:2  | HP: 9/198 [acid (7)]
 38056 | Swamp:2  | HP: 2/198 [swamp worm (8)]
 38056 | Swamp:2  | Slain by a spriggan rider

Vanquished Creatures
  Jorgrun (D:13)
  Kirke (Lair:6)
  An azure jelly (Lair:4)
  An orc warlord (Orc:2)
  A bunyip (Swamp:1)
  Snorg (D:13)
  9 hydras
  3 boulder beetles
  3 centaur warriors (D:13)
  3 catoblepae (Lair:6)
  7 death yaks (Lair:6)
  2 two-headed ogres
  6 orc high priests
  Urug (Lair:5)
  Amaemon (D:8)
  A goliath frog (Swamp:2)
  3 skeletal warriors (D:12)
  A fire crab (Lair:5)
  An orb spider (Lair:3)
  2 swamp dragons (Swamp:1)
  Pikel (D:7)
  A lindwurm (Lair:4)
  2 deep elf zephyrmancers (D:13)
  6 orc knights
  2 deep elf pyromancers
  An ugly thing (D:14)
  A cyclops (D:8)
  2 manticores (Lair:6)
  4 orc sorcerers (Orc:2)
  A will-o-the-wisp (Swamp:1)
  6 elephants (Lair:4)
  A black mamba (Lair:6)
  Joseph (Lair:1)
  15 cane toads
  Psyche (D:8)
  A gargoyle (D:12)
  An orange demon (D:8)
  4 torpor snails (Lair:5)
  Maggie (D:7)
  13 komodo dragons
  A rime drake (Lair:5)
  2 yaktaurs (D:13)
  An efreet (D:13)
  2 tengu conjurers (D:14)
  4 trolls
  A tyrant leech (Lair:4)
  A polar bear (shapeshifter) (D:14)
  A hornet (D:8)
  Prince Ribbit (D:8)
  5 dream sheep (Lair:6)
  25 blink frogs
  8 slime creatures
  6 wyverns
  3 shadows
  4 wraiths
  A vampire (D:11)
  45 yaks
  3 basilisks
  A hog (Lair:6)
  5 steam dragons
  8 vampire mosquitoes
  Menkaure (D:6)
  5 wargs
  2 swamp worms (Lair:4)
  2 acid dragons
  14 water moccasins
  A sky beast (D:5)
  2 ice beasts (D:8)
  7 black bears
  3 ogres
  33 orc warriors
  A boggart (D:13)
  21 wolves
  7 centaurs
  A lemure (D:7)
  3 phantoms
  17 bullfrogs
  A gnoll sergeant (D:12)
  8 kobold brigands
  4 scorpions
  A necrophage (D:6)
  7 wights
  11 killer bees
  3 howler monkeys
  An electric eel (Lair:4)
  2 lava snakes (D:8)
  2 crimson imps (D:4)
  2 jellies (Lair:4)
  22 orc priests
  3 hounds
  4 iguanas
  35 orc wizards
  10 hell rats (Lair:4)
  9 gnolls
  19 adders
  9 river rats
  5 shadow imps
  A white imp (D:5)
  An ufetubus (D:7)
  5 worms
  3 dart slugs
  102 orcs
  3 bats (D:2)
  8 endoplasms
  3 giant cockroaches
  5 goblins
  6 hobgoblins
  8 jackals
  6 quokkas
  16 ball pythons
  6 frilled lizards
  33 kobolds
  31 rats
757 creatures vanquished.

Vanquished Creatures (collateral kills)
  Saint Roka (Orc:2)
  A deep elf pyromancer (D:13)
  A deep elf archer (D:13)
  An ugly thing (D:14)
  2 yaktaurs (D:13)
  A troll (Orc:2)
  5 yaks
  A warg (Orc:2)
  2 orc warriors (Orc:2)
  3 wolves
  A bullfrog (Lair:4)
  A jelly (Lair:4)
  3 orcs
23 creatures vanquished.

Vanquished Creatures (others)
  3 humans (Lair:6)
  2 bushes (Lair:4)
  10 foxfires
  44 fungi
  71 plants
130 creatures vanquished.

Grand Total: 910 creatures vanquished

Table legend:
 A = Non-vault XP
 B = Vault XP
 C = Vault XP percentage of total XP
 D = Non-vault monster count
 E = Vault monster count
 F = Vault count percentage of total count
                 A         B        C        D         E       F
            +---------+---------+-------+---------+---------+-------
      Total |   78889 |   53279 |  40.3 |     525 |     254 |  32.6
            +---------+---------+-------+---------+---------+-------
        D:1 |      49 |       0 |   0.0 |      27 |       0 |   0.0
        D:2 |      48 |       0 |   0.0 |      14 |       0 |   0.0
        D:3 |     143 |      25 |  14.9 |      20 |       7 |  25.9
        D:4 |     441 |     101 |  18.6 |      25 |       4 |  13.8
        D:5 |     475 |      83 |  14.9 |      10 |      11 |  52.4
        D:6 |    1211 |     365 |  23.2 |      28 |       4 |  12.5
        D:7 |     773 |    1062 |  57.9 |      22 |       2 |   8.3
        D:8 |    2370 |    6253 |  72.5 |      45 |      27 |  37.5
        D:9 |    2619 |     225 |   7.9 |      32 |       2 |   5.9
       D:10 |    1366 |       0 |   0.0 |      22 |       0 |   0.0
       D:11 |    3614 |     451 |  11.1 |      18 |       3 |  14.3
       D:12 |    6255 |       0 |   0.0 |      28 |       0 |   0.0
       D:13 |    6673 |    7635 |  53.4 |      15 |      20 |  57.1
       D:14 |    4686 |       0 |   0.0 |       9 |       0 |   0.0
     Lair:1 |    2848 |    1175 |  29.2 |      12 |       3 |  20.0
     Lair:2 |    1908 |     351 |  15.5 |      11 |       3 |  21.4
     Lair:3 |    5557 |     713 |  11.4 |      26 |       1 |   3.7
     Lair:4 |   11306 |    4735 |  29.5 |      52 |      12 |  18.8
     Lair:5 |    6899 |    2414 |  25.9 |      19 |       5 |  20.8
     Lair:6 |    8896 |   13112 |  59.6 |      27 |      25 |  48.1
    Swamp:1 |    3839 |       0 |   0.0 |       5 |       0 |   0.0
    Swamp:2 |     760 |       0 |   0.0 |       1 |       0 |   0.0
      Orc:1 |    2329 |       0 |   0.0 |      35 |       0 |   0.0
      Orc:2 |    3824 |   14186 |  78.8 |      22 |      78 |  78.0
      Sewer |       0 |     393 | 100.0 |       0 |      47 | 100.0
            +---------+---------+-------+---------+---------+-------

Illustrated notes

Table legend:
 A = Kills in this place as a percentage of kills in entire the game.
 B = Kills by you in this place as a percentage of kills by you in the entire game.
 C = Kills by friends in this place as a percentage of kills by friends in the entire game.
 D = Other kills in this place as a percentage of other kills in the entire game.
 E = Experience gained in this place as a percentage of experience gained in the entire game.
 F = Experience gained in this place divided by the number of levels of this place that you have seen.
                   A       B       C       D       E      F
               +-------+-------+-------+-------+-------+----------------------
         Total | 100.0 | 100.0 | 100.0 |   N/A | 100.0 | 5286.7
       Dungeon |  50.7 |  51.2 |  34.8 |   N/A |  35.5 | 3351.6
          Lair |  25.2 |  24.7 |  39.1 |   N/A |  45.3 | 9985.7
         Swamp |   0.8 |   0.8 |   0.0 |   N/A |   3.5 | 2299.5
  Orcish Mines |  17.3 |  17.1 |  26.1 |   N/A |  15.4 | 10169.5
         Sewer |   6.0 |   6.2 |   0.0 |   N/A |   0.3 | 393.0
               +-------+-------+-------+-------+-------+----------------------

Table legend: (Time is in decaauts)
 A = Elapsed time spent in this place.
 B = Non-inter-level travel time spent in this place.
 C = Inter-level travel time spent in this place.
 D = Time resting spent in this place.
 E = Time spent auto-exploring this place.
 F = Levels seen in this place.
 G = Mean time per level.
                   A        B        C        D        E       F      G
               +--------+--------+--------+--------+--------+-----+--------+
         Total |  38058 |  36877 |   1181 |   4308 |  28037 |  25 | 1522.3 |
       Dungeon |  20539 |  20010 |    529 |   1768 |  15735 |  14 | 1467.1 |
          Lair |  12811 |  12367 |    444 |   1308 |   9871 |   6 | 2135.2 |
         Swamp |     90 |     90 |      0 |      2 |     31 |   2 |   45.0 |
  Orcish Mines |   3762 |   3555 |    207 |   1181 |   1795 |   2 | 1881.0 |
         Sewer |    854 |    854 |      0 |     48 |    604 |   1 |  854.0 |
               +--------+--------+--------+--------+--------+-----+--------+

Top non-repeatable levels by time:
     D:8: 3280 daAuts
  Lair:5: 2866 daAuts
  Lair:4: 2697 daAuts
  Lair:6: 2591 daAuts
    D:13: 2274 daAuts
     D:7: 2209 daAuts
   Orc:1: 1979 daAuts
  Lair:3: 1958 daAuts
  Lair:1: 1859 daAuts
   Orc:2: 1783 daAuts
     D:9: 1708 daAuts
     D:1: 1670 daAuts
     D:6: 1409 daAuts
     D:4: 1382 daAuts
     D:5: 1186 daAuts
